 Dungeon Crawl Stone Soup version 0.22-a0-136-g83a10e5 (webtiles) character file.

20 mhoghedin the Shooter (level 2, -1/25 HPs)
             Began as a Centaur Hunter on Feb 3, 2018.
             Was an Initiate of Okawaru.
             Slain by an adder (4 damage)
             ... on level 2 of the Dungeon.
             The game lasted 00:02:24 (959 turns).

mhoghedin the Shooter (Centaur Hunter)               Turns: 959, Time: 00:02:25

Health: -1/25      AC:  5    Str: 19    XL:     2   Next: 58%
Magic:  2/2        EV:  9    Int: 10    God:    Okawaru [......]
Gold:   60         SH:  0    Dex:  9    Spells: 1/1 levels left

rFire    . . .     SeeInvis .   a - +1 shortbow
rCold    . . .     Gourm    .   (shield currently unavailable)
rNeg     . . .     Faith    .   c - +0 leather armour
rPois    .         Spirit   .   (no helmet)
rElec    .         Reflect  .   (no cloak)
rCorr    .         Harm     .   n - +0 pair of gloves
MR       .....                  (no barding)
Stlth    +.........             (no amulet)
HPRegen  0.08/turn              (no ring)
MPRegen  0.08/turn              (no ring)

@: mighty, very quick
A: large, hooves 3, deformed body, speed 2, tough skin 3
a: Renounce Religion


You were on level 2 of the Dungeon.
You worshipped Okawaru.
Okawaru was noncommittal.
You were not hungry.

You visited 1 branch of the dungeon, and saw 2 of its levels.

You collected 60 gold pieces.

Inventory:

Hand Weapons
 a - a +1 shortbow (weapon)
 b - a +0 short sword
 o - a +0 mace of crushing
   (You found it on level 2 of the Dungeon)
Missiles
 d - 9 arrows (quivered)
Armour
 c - a +0 leather armour (worn)
 n - a +0 pair of gloves (worn)
   (You found it on level 2 of the Dungeon)
Scrolls
 e - 2 scrolls of teleportation
 g - a scroll of magic mapping {unknown}
 h - a scroll of noise {unknown}
 i - a scroll of fear {unknown}
Comestibles
 f - a ration


   Skills:
 + Level 2.4 Fighting
 + Level 0.0 Maces & Flails
 + Level 5.7 Bows
 + Level 1.8 Dodging
 - Level 0.4 Stealth


You had one spell level left.
You didn't know any spells.

Dungeon Overview and Level Annotations

Branches:
Dungeon (2/15)

Altars:
Dithmenos
Gozag
Okawaru
Yredelemnul


Innate Abilities, Weirdness & Mutations

You have hooves in place of feet.
Armour fits poorly on your strangely shaped body.
You cover ground very quickly.
You have extremely tough skin. (AC +3)


Message History

Wield which item (- for none, * to show all)? (? for menu, Esc to quit)
o - a +0 mace of crushing (weapon)
The adder bites you but does no damage.
You hit the adder.
You feel sick. The adder bites you but does no damage.
You take 1 damage, and have 18/25 hp.
You closely miss the adder. Your kick misses the adder.
The adder bites you but does no damage. The adder bites you.
You take 4 damage, and have 14/25 hp.
You barely miss the adder.
You feel sick. The adder bites you. The kobold hits you but does no damage.
The adder bites you. The kobold hits you but does no damage.
You take 4 damage, and have 10/25 hp.
You miss the adder.
You feel sick. The adder bites you.
* * * LOW HITPOINT WARNING * * *
You are lethally poisoned!
The adder poisons you! The kobold hits you but does no damage.
The adder barely misses you.
You take 4 damage, and have 6/25 hp.
It was a potion of magic.
Magic courses through your body. The kobold hits you with a dagger.
* * * LOW HITPOINT WARNING * * *
The adder closely misses you.
You take 1 damage, and have 5/25 hp.
It was a potion of ambrosia.
You are confused.
You feel invigorated.
* * * LOW HITPOINT WARNING * * *
You feel sick. The adder closely misses you. The kobold hits you with a dagger.
* * * LOW HITPOINT WARNING * * *
You feel sick. The adder bites you.
* * * LOW HITPOINT WARNING * * *
The kobold hits you but does no damage.
You're too confused to move!
The adder misses you. The kobold closely misses you. The adder bites you.
You regained 2 hp, and now have 9/25 hp.
You feel less invigorated.
You feel less confused.
You feel sick.
The kobold throws a stone.
The stone hits you.
* * * LOW HITPOINT WARNING * * *
You see here a stone.
You take 2 damage, and have 7/25 hp.
* * * LOW HITPOINT WARNING * * *
You feel sick.
You take 1 damage, and have 6/25 hp.
* * * LOW HITPOINT WARNING * * *
You feel sick.
You take 1 damage, and have 5/25 hp.
It was a potion of invisibility.
You fade into invisibility!
The adder bites you but does no damage.
The kobold throws a stone.
The stone barely misses the adder.
The stone barely misses you.
You are very lightly contaminated with residual magic.
Unknown command.
The kobold throws a stone.
The stone closely misses the adder.
* * * LOW HITPOINT WARNING * * *
You feel sick.
You take 1 damage, and have 5/25 hp.
* * * LOW HITPOINT WARNING * * *
You feel sick.
You take 1 damage, and have 4/25 hp.
* * * LOW HITPOINT WARNING * * *
You feel sick.
You take 1 damage, and have 3/25 hp.
* * * LOW HITPOINT WARNING * * *
You feel sick.
You see here a stone.
You take 1 damage, and have 2/25 hp.
You flicker for a moment.
* * * LOW HITPOINT WARNING * * *
You feel sick.
You take 1 damage, and have 2/25 hp.
You flicker back into view.
* * * LOW HITPOINT WARNING * * *
You feel sick.
You are no longer poisoned.
You take 1 damage, and have 1/25 hp.
You see here a jackal corpse.
You see here a jackal corpse.
a - a +1 shortbow (weapon)
Firing (i - inventory)
d - 14 arrows (quivered)
Aim: an adder (moderately wounded)
You shoot an arrow. The arrow barely misses the adder.
It was a potion of might.
You feel very mighty all of a sudden.
Firing (i - inventory)
d - 13 arrows (quivered)
Aim: an adder (moderately wounded)
You shoot an arrow. The arrow misses the adder.
The adder closely misses you.
Your magical contamination has completely faded away.
Firing (i - inventory)
d - 12 arrows (quivered)
Aim: an adder (moderately wounded)
You shoot an arrow. The arrow closely misses the adder.
The adder bites you but does no damage.
Firing (i - inventory)
d - 11 arrows (quivered)
Aim: an adder (moderately wounded)
You shoot an arrow. The arrow hits the adder!
The adder bites you but does no damage.
Firing (i - inventory)
d - 10 arrows (quivered)
Aim: an adder (almost dead)
You shoot an arrow. The arrow closely misses the adder.
The adder bites you.
You die...

#### ## #.. .. ##.####. #####
#....>.. ###########...#
##.#.#.##. #(.(.....S@.#.#
##.##.##.#. #.#########K..#
#.#........ #.#
#.....####..#.##.#.
#######.#######.###....†....#.##.
#..........††...(................
#.#####.#######.###.####.##.####.
#.# #.# ##.....# #.#### #. #.#
#.# #....### #.# #( #.# #.#
#.#### #.# #.


You could see an adder and a kobold.

Vanquished Creatures
  A dart slug (D:1)
  A giant cockroach (D:1)
  A hobgoblin (D:1)
  3 jackals (D:2)
  A bat (D:1)
  A frilled lizard (D:1)
  2 goblins (D:1)
  4 kobolds (D:1)
  5 rats (D:1)
19 creatures vanquished.

Notes
Turn   | Place    | Note
-------+----------+-------------------------------------------
     0 | D:1      | mhoghedin the Centaur Hunter began the quest for the Orb.
     0 | D:1      | Reached XP level 1. HP: 17/17 MP: 1/1
   207 | D:1      | Reached XP level 2. HP: 18/24 MP: 2/2
   706 | D:2      | Found a basalt altar of Yredelemnul.
   706 | D:2      | Found an opulent altar of Gozag.
   712 | D:2      | Found a shadowy altar of Dithmenos.
   715 | D:2      | Found a faded altar of an unknown god.
   717 | D:2      | Found an iron altar of Okawaru.
   727 | D:2      | Became a worshipper of Warmaster Okawaru
   887 | D:2      | HP: 6/25 [adder (3)]
   895 | D:2      | HP: 6/25 [poisoned by an adder]
   900 | D:2      | HP: 5/25 [poisoned by an adder]
   908 | D:2      | HP: 3/25 [poisoned by an adder]
   914 | D:2      | HP: 2/25 [poisoned by an adder]
   920 | D:2      | HP: 2/25 [poisoned by an adder]
   925 | D:2      | HP: 1/25 [poisoned by an adder]
   959 | D:2      | Slain by an adder

Vault maps used:
D:1:      dpeg_arrival_chase
D:2:      chequers_temple_overflow_minitemple

Action                   || total
-------------------------++-------
Melee: Mace              ||     4
       Short sword       ||     1
       Kick              ||     1
 Fire: Shortbow          ||    55
  Use: Potion            ||     4
       Scroll            ||     1
Armor: Leather armour    ||    14
Dodge: Dodged            ||     8

Table legend:
 A = Spawn XP
 B = Non-spawn XP
 C = Spawn XP percentage of total XP
 D = Spawn monster count
 E = Non-spawn monster count
 F = Spawn count percentage of total count
 G = Total turns spent on level
                    A         B        C        D         E        F      G
               +---------+---------+-------+---------+---------+-------+---------
         Total |       0 |      29 |   0.0 |       0 |      19 |   0.0 |   959
               +---------+---------+-------+---------+---------+-------+---------
           D:1 |       0 |      23 |   0.0 |       0 |      16 |   0.0 |   696
           D:2 |       0 |       6 |   0.0 |       0 |       3 |   0.0 |   263
               +---------+---------+-------+---------+---------+-------+---------

Vault maps used:
D:1:      dpeg_arrival_chase
D:2:      chequers_temple_overflow_minitemple

Table legend:
 A = Turns spent in this place as a percentage of turns spent in the entire game.
 B = Non-inter-level travel turns spent in this place as a percentage of non-inter-level travel turns spent in the entire game.
 C = Inter-level travel turns spent in this place as a percentage of turns spent in this place.
 D = Turns resting spent in this place as a percentage of non-inter-level travel turns spent in this place.
 E = Turns spent auto-exploring this place as a percentage of non-inter-level travel turns spent in this place.
 F = Non-inter-level travel turns spent in this place divided by the number of levels of this place that you've seen.
                   A       B       C       D       E      F
               +-------+-------+-------+-------+-------+----------------------
         Total | 100.0 | 100.0 |   5.4 |   0.0 |  78.8 | 453.5
       Dungeon | 100.0 | 100.0 |   5.4 |   0.0 |  78.8 | 453.5
               +-------+-------+-------+-------+-------+----------------------

Table legend:
 A = Kills in this place as a percentage of kills in entire the game.
 B = Kills by you in this place as a percentage of kills by you in the entire game.
 C = Kills by friends in this place as a percentage of kills by friends in the entire game.
 D = Other kills in this place as a percentage of other kills in the entire game.
 E = Experience gained in this place as a percentage of experience gained in the entire game.
 F = Experience gained in this place divided by the number of levels of this place that you have seen.
                   A       B       C       D       E      F
               +-------+-------+-------+-------+-------+----------------------
         Total | 100.0 | 100.0 |   N/A |   N/A | 100.0 |  14.5
       Dungeon | 100.0 | 100.0 |   N/A |   N/A | 100.0 |  14.5
               +-------+-------+-------+-------+-------+----------------------
